 Dungeon Crawl Stone Soup version 0.29.1-12-g30fa7ad0bf (webtiles) character file.

Game seed: 17702714468453258749

29 hawla the Chiller (level 3, 0/28 HPs)
             Began as a Meteoran Ice Elementalist on Jan 8, 2023.
             Slain by an orc
             ... wielding a +0 dagger
              (4 damage)
             ... on level 3 of the Dungeon.
             The game lasted 00:01:54 (243 turns).

hawla the Chiller (Meteoran Ice Elementalist)        Turns: 243, Time: 00:01:54

Health: 0/28       AC:  3    Str:  9    XL:     3   Next: 52%
Magic:  3/8        EV: 12    Int: 19    God:
Gold:   24         SH:  0    Dex: 14    Spells: 3/7 levels left

rFire   . . .      SeeInvis .   (no weapon)
rCold   . . .      Faith    .   (no shield)
rNeg    . . .      Spirit   .   a - +0 robe
rPois   .          Reflect  .   (no helmet)
rElec   .          Harm     .   (no cloak)
rCorr   .          Rampage  .   (no gloves)
Will    .....                   e - +0 pair of boots
Stlth   +.........              (no amulet)
HPRegen 0.09/turn               (no ring)
MPRegen 0.11/turn               (no ring)

@: lethally poisoned (0 -> -5), glowing
A: sense surroundings 1, otherworldly, glowing, explore regen
a: no special abilities


You were on level 3 of the Dungeon.
You visited 1 branch of the dungeon, and saw 4 of its levels.

You collected 24 gold pieces.

Inventory:

Armour
 a - a +0 robe (worn)
 e - a +0 pair of boots (worn)
Jewellery
 f - a ring of flight
Scrolls
 d - a scroll of butterflies {unknown}
 g - 3 scrolls of magic mapping {unknown}
 h - a scroll of enchant weapon {unknown}
 i - a scroll of poison {unknown}
Potions
 b - a potion of magic
 c - 2 potions of resistance {unknown}


   Skills:
 + Level 1.0 Fighting
 + Level 2.4 Dodging
 - Level 1.4 Stealth
 + Level 2.9 Spellcasting
 + Level 5.2 Ice Magic


You had 3 spell levels left.
You knew the following spells:

 Your Spells              Type           Power      Damage    Failure   Level
a - Freeze                Ice            88%        1d10      1%          1
b - Frozen Ramparts       Ice            44%        1d7       5%          3

Your spell library contained the following spells:

 Spells                   Type           Power      Damage    Failure   Level
 Ozocubu's Armour         Ice            22%        N/A       5%          3
 Hailstorm                Conj/Ice       12%        3d5       45%         4


Dungeon Overview and Level Annotations

Branches:
Dungeon (4/15) Zot: 2157
 Temple: D:4-7

Altars:


Innate Abilities, Weirdness & Mutations

You passively map a small area around you.
You are easily found by Zot.
You glow in the dark.
You regain HP and MP as you explore.


Message History

You freeze the orc.
The orc is heavily wounded.
The orc completely misses you. The orc hits you with a +0 dagger.
The orc misses you.
Casting: Freeze (safe; 1% risk of failure)
Confirm with . or Enter, or press ? or * to list all spells.
Aiming: Freeze (safe; 1% risk of failure)
Press: ? - help, Shift-Dir - straight line, f/p - orc
Aim: an orc, wielding a +0 mace (heavily wounded)
You freeze the orc!
You kill the orc!
The orc misses you.
The orc hits you with a +1 whip of venom.
You are poisoned.
Casting: Freeze (safe; 1% risk of failure)
Confirm with . or Enter, or press ? or * to list all spells.
Aiming: Freeze (safe; 1% risk of failure)
Press: ? - help, Shift-Dir - straight line, f - orc
Aim: an orc, wielding a +1 whip of venom You freeze the orc.
The orc is severely wounded.
You feel very sick. The orc hits you with a +0 dagger.
The orc barely misses you.
Casting: Freeze (safe; 1% risk of failure)
Confirm with . or Enter, or press ? or * to list all spells.
Aiming: Freeze (safe; 1% risk of failure)
Press: ? - help, Shift-Dir - straight line, f/p - orc
Aim: an orc, wielding a +1 whip of venom (severely wounded)
You freeze the orc.
You kill the orc!
You feel sick. The orc hits you with a +0 dagger.
* * * LOW HITPOINT WARNING * * *
The orc attacks as you move away! The orc hits you but does no damage.
* * * LOW HITPOINT WARNING * * *
You feel sick. The orc attacks as you move away! The orc misses you.
* * * LOW HITPOINT WARNING * * *
You feel sick. The orc attacks as you move away!
The orc hits you with a +0 dagger.
You die...

# ######### * # * *
........# * *### . ,
#######.#.. , ..#.#* **,
# #†#.# #.#.# *## , #
#.#.# ##.#.# .. #
#)#.#####....#.### * #
#.#.#............. #
#.#.#†....@.#* ** #####
#.#.#.....o.+ , #...#
#.#.#..)>)..####### *
#...#
#.#.#.............#* *
#...###.#.##...####+###+#
, #...............#, ,
#.......#.###..## * , , *
+.......+.......+, **
#..(....#.###..## ,


You could see an orc.

Vanquished Creatures
  An adder (D:2)
  A dart slug (D:3)
  3 orcs
  A bat (D:1)
  An endoplasm (D:1)
  3 hobgoblins
  A frilled lizard (D:1)
  3 kobolds
  A rat (D:3)
15 creatures vanquished.

Notes
Turn   | Place    | Note
-------+----------+-------------------------------------------
     0 | D:1      | hawla the Meteoran Ice Elementalist began the quest for the
                  | Orb.
     0 | D:1      | Reached XP level 1. HP: 14/14 MP: 5/5
    40 | D:1      | Reached XP level 2. HP: 20/20 MP: 1/6
    57 | D:2      | Reached skill level 1 in Fighting
   141 | D:3      | Reached skill level 5 in Ice Magic
   141 | D:3      | Reached XP level 3. HP: 28/28 MP: 4/8
   153 | D:3      | Learned a level 3 spell: Frozen Ramparts
   243 | D:3      | Slain by an orc

Illustrated notes

Levels and vault maps discovered:
D:1:      dpeg_arrival_ternary, layout_loops_ring,
          shapermc_ecumenical_altar_totnotflames
D:2:      layout_basic
D:3:      layout_basic, mainiacjoe_overflow_24_doors,
          nemelex_diamond_rough_becter, uniq_sigmund
D:4:      layout_loops_ring, old_standard_altar,
          nicolae_gozag_zags_fifth_avenue, minmay_temple_entry_grid,
          serial_rivers, chequers_serial_rivers_marsh,
          chequers_serial_rivers_micro_a, chequers_serial_rivers_micro_e,
          chequers_serial_rivers_marsh, nicolae_shop_unique_rings,
          grunt_ministairs_13, minmay_joined_circles, uniq_crazy_yiuf_cottage,
          uniq_edmund, uniq_menkaure

Skill      XL: |  1  2 |
---------------+-------+-----
Fighting       | 1 |  1.0
Ice Magic      | 5 |  5.2
Dodging        | |  2.4
Stealth        | |  1.4
Spellcasting   | |  2.9

Action                   || total
-------------------------++-------
Melee: Unarmed           ||     2
 Cast: Freeze            ||    23
       Frozen Ramparts   ||     1
Armor: Robe              ||     8
Dodge: Dodged            ||    15
